[Event "Titled Tuesday Blitz April 11 Early 2023"]
[White "Levitskiy, Andrey"]
[Black "Karas, Marek"]
[WhiteFideId "14132885"]
[BlackFideId "14928558"]
[WhiteElo "2341"]
[BlackElo "2233"]
[Result "1/2-1/2"]
[Round "03"]
[TimeControl "180+2"]
[Date "2023.04.11"]
[WhiteClock "0:00:08"]
[BlackClock "0:00:10"]

1. e4 e6 2. d4 d5 3. Bd3 dxe4 4. Bxe4 Nf6 5. Bf3 c5 6. Ne2 Nc6 7. Be3 e5 8. Bxc6+ bxc6 9. dxe5 Qxd1+ 10. Kxd1 Ng4 11. Nd2 Nxe5 12. Ne4 Nc4 13. b3 Nxe3+ 14. fxe3 Bf5 15. N2g3 O-O-O+ 16. Ke2 Bg4+ 17. Ke1 Be7 18. h3 Be6 19. Rd1 Rxd1+ 20. Kxd1 Rd8+ 21. Ke2 c4 22. Rf1 g6 23. Rd1 Rxd1 24. Kxd1 f5 25. Nd2 cxb3 26. axb3 Bd5 27. e4 fxe4 28. Ngxe4 c5 29. Ke2 Kc7 30. Kd3 Kb6 31. Nc4+ Kc7 32. g3 Be6 33. h4 h6 34. Ne5 g5 35. hxg5 hxg5 36. Ke3 Bf5 37. Nf7 Kc6 38. c3 Be6 39. Ne5+ Kb5 40. c4+ Kb6 41. Nf3 g4 42. Ne5 Bf5 43. Nf2 Bc2 44. Nfxg4 Bxb3 45. Kd3 a5 46. Ne3 Bg5 47. Nd5+ Kb7 48. Nf7 Bc1 49. g4 a4 50. Kc3 Kc6 51. Ne5+ Kd6 52. Nd3 Bg5 53. Nf2 Ke5 54. Nb6 Kf4 55. Nd3+ Kxg4 56. Nxc5 Be3 57. Nbxa4 Bxa4 58. Nxa4 Kf5 59. Kb4 Ke6 60. Kb5 Kd7 61. Nb6+ Kd8 62. Nd5 Bg1 63. Kc6 Bf2 64. Nf4 Bg1 65. Nd5 Bf2 66. Nf6 Bg1 67. Ne4 Be3 68. Kd6 Bg1 69. Kc6 Be3 70. Nc3 Bg1 71. Nd5 1/2-1/2


[Site "https://www.chess.com"]

[Event "Titled Tuesday Blitz April 11 Early 2023"]
[White "Garcia Pantoja, Roberto"]
[Black "Grot, Blazej"]
[WhiteFideId "3509265"]
[BlackFideId "21835845"]
[WhiteElo "2542"]
[BlackElo "1823"]
[Result "0-1"]
[Round "03"]
[TimeControl "180+2"]
[Date "2023.04.11"]
[WhiteClock "0:00:30"]
[BlackClock "0:01:52"]

1. e4 c5 2. Nc3 e6 3. d4 cxd4 4. Qxd4 Nc6 5. Qe3 Nf6 6. Bd2 Be7 7. O-O-O d5 8. exd5 exd5 9. Qg3 d4 10. Nb5 O-O 11. Qc7 Qd5 12. c4 Qf5 13. Qf4 Ne4 14. Qxf5 Bxf5 15. Bd3 Ne5 16. Bxe4 Bxe4 17. f3 Bg6 18. Bf4 Nd3+ 19. Rxd3 Bxd3 20. b3 Bf1 0-1


[Site "https://www.chess.com"]

[Event "Titled Tuesday Blitz April 11 Early 2023"]
[White "Mazurkiewicz, Michal"]
[Black "Jaferian, Koosha"]
[WhiteFideId "1124943"]
[BlackFideId "12507440"]
[WhiteElo "2054"]
[BlackElo "2073"]
[Result "0-1"]
[Round "03"]
[TimeControl "180+2"]
[Date "2023.04.11"]
[WhiteClock "0:00:01"]
[BlackClock "0:00:36"]

1. e4 c6 2. d3 d5 3. Nd2 g6 4. Ngf3 Bg7 5. g3 e5 6. Bg2 Ne7 7. O-O O-O 8. Re1 Qc7 9. Qe2 d4 10. c3 c5 11. cxd4 cxd4 12. a3 h6 13. a4 Be6 14. b3 Na6 15. Nc4 Rfc8 16. Ba3 Nc5 17. Qc2 b6 18. Rec1 a5 19. b4 axb4 20. Bxb4 Nxd3 21. Qxd3 Bxc4 22. Qa3 Bf6 23. Nd2 b5 24. Bf1 Rxa4 25. Qb2 Rxa1 26. Qxa1 Nc6 27. Bxc4 bxc4 28. Rxc4 Qb7 29. Bc5 Bg5 30. Nf3 Qb5 31. Qa4 Qb1+ 32. Kg2 Qxe4 33. h4 Bf6 34. Bd6 Qd5 35. Rc1 Qxd6 0-1


[Site "https://www.chess.com"]

[Event "Titled Tuesday Blitz April 11 Early 2023"]
[White "Mika, Tomasz"]
[Black "Risteski, Emil"]
[WhiteFideId "1132970"]
[BlackFideId "15005267"]
[WhiteElo "2179"]
[BlackElo "2251"]
[Result "0-1"]
[Round "03"]
[TimeControl "180+2"]
[Date "2023.04.11"]
[WhiteClock "0:00:09"]
[BlackClock "0:00:56"]

1. Nf3 d6 2. c4 e5 3. g3 f5 4. Bg2 Nf6 5. O-O Be7 6. b3 O-O 7. Bb2 Qe8 8. d4 e4 9. Ne1 c5 10. dxc5 dxc5 11. Nc3 Nc6 12. Nc2 Be6 13. Nd5 Rd8 14. Nxe7+ Qxe7 15. Qc1 Rd7 16. Rd1 Rfd8 17. Rxd7 Rxd7 18. Qe1 Nd4 19. Nxd4 cxd4 20. Rd1 Qc5 21. Qd2 d3 22. exd3 Rxd3 23. Qe2 Rxd1+ 24. Qxd1 Kf7 25. Qd2 a6 26. Bf1 Ng4 27. b4 Qc7 28. Qd4 Nf6 29. a4 Qd7 30. Qb6 Ng4 31. h3 Nf6 32. a5 f4 33. g4 Bxg4 34. Qd4 Bxh3 35. Qe5 Qg4+ 36. Kh2 Bxf1 0-1


[Site "https://www.chess.com"]

[Event "Titled Tuesday Blitz April 11 Early 2023"]
[White "MunichMouse"]
[Black "Alekseenko, Kirill"]
[BlackFideId "4135539"]
[WhiteElo "2308"]
[BlackElo "2683"]
[Result "0-1"]
[Round "03"]
[TimeControl "180+2"]
[Date "2023.04.11"]
[WhiteClock "0:00:54"]
[BlackClock "0:00:19"]

1. d4 d5 2. c4 dxc4 3. e3 e5 4. Bxc4 Nc6 5. Nf3 e4 6. Nfd2 Qg5 7. Kf1 Nf6 8. h4 Qg6 9. Nc3 h5 10. Nd5 Nxd5 11. Bxd5 Bf5 12. Qa4 Be7 13. Bxc6+ bxc6 14. d5 O-O 15. Qxc6 Bd6 16. b3 Rfd8 17. Bb2 Rab8 18. Rc1 Bd7 19. Qc3 f6 20. Qc2 Bb5+ 21. Nc4 Bf8 22. Rh3 Rxd5 23. Rg3 Qf5 24. Kg1 Rbd8 25. a4 Ba6 26. b4 Kh7 27. b5 Bc8 28. Bd4 Bc5 29. Bxc5 Rxc5 30. Qb2 Be6 31. Na5 Rxc1+ 32. Qxc1 Rd7 33. Nc6 Qd5 34. Nd4 Bg4 35. f3 Qe5 36. Kf2 Bf5 37. Qc6 Rxd4 38. exd4 e3+ 39. Ke1 Qxg3+ 40. Ke2 Qf2+ 0-1


[Site "https://www.chess.com"]

[Event "Titled Tuesday Blitz April 11 Early 2023"]
[White "Steinberg, Nitzan"]
[Black "Forgacs, Attila Jr."]
[WhiteFideId "2801795"]
[BlackFideId "773654"]
[WhiteElo "2486"]
[BlackElo "2168"]
[Result "1-0"]
[Round "03"]
[TimeControl "180+2"]
[Date "2023.04.11"]
[WhiteClock "0:01:04"]
[BlackClock "0:00:14"]

1. d4 Nf6 2. Nf3 g6 3. Nbd2 Bg7 4. e4 d6 5. c3 O-O 6. Bd3 c5 7. h3 Nc6 8. O-O e5 9. dxe5 dxe5 10. Qe2 Be6 11. Rd1 Nh5 12. Bc4 Nf4 13. Qf1 Qe7 14. Bxe6 Qxe6 15. Nc4 Rad8 16. Be3 b6 17. a4 f5 18. exf5 gxf5 19. Bxf4 exf4 20. Re1 Qg6 21. Rad1 Kh8 22. Rxd8 Rxd8 23. Rd1 Rxd1 24. Qxd1 Qe6 25. Qd3 Bf6 26. Nd6 Ne7 27. Nb5 a6 28. Nc7 Qc8 29. Qd6 Kg7 30. Qxb6 Qd7 31. Ne6+ Kf7 32. Nxc5 Qd1+ 33. Kh2 Nd5 34. Qe6+ Kg7 35. Qxf5 Ne7 36. Qg4+ Kf7 37. Ng5+ Bxg5 38. Qxd1 1-0


[Site "https://www.chess.com"]

[Event "Titled Tuesday Blitz April 11 Early 2023"]
[White "Makarian, Rudik"]
[Black "egorchess95"]
[WhiteFideId "44105681"]
[WhiteElo "2430"]
[BlackElo "2530"]
[Result "1-0"]
[Round "03"]
[TimeControl "180+2"]
[Date "2023.04.11"]
[WhiteClock "0:00:12"]
[BlackClock "0:00:13"]

1. d4 d5 2. c4 e6 3. Nf3 Nf6 4. Nc3 c6 5. Bg5 h6 6. Bxf6 Qxf6 7. a3 Nd7 8. e4 dxe4 9. Nxe4 Qd8 10. Bd3 Be7 11. Qe2 Nf6 12. O-O-O Bd7 13. Ne5 Rc8 14. g4 b5 15. c5 Nd5 16. h4 b4 17. a4 b3 18. Nc4 Rb8 19. g5 Rb4 20. g6 Rxc4+ 21. Bxc4 fxg6 22. Rhg1 O-O 23. Rxg6 Nf4 24. Qg4 Nxg6 25. Qxg6 Bf6 26. Bxb3 Qb8 27. Kc2 Qf4 28. h5 Kh8 29. Nxf6 Rxf6 30. Qd3 e5 31. Qe3 exd4 32. Rxd4 Qxf2+ 33. Qxf2 Rxf2+ 34. Kc3 Rf3+ 35. Kb4 Be8 36. Rd8 Rf8 37. Ka5 Kh7 38. Bc2+ Kg8 39. Bb3+ Kh7 40. Ka6 g6 41. hxg6+ Kxg6 42. Kxa7 h5 43. Bc2+ Kg5 44. Kb6 h4 45. a5 h3 46. a6 h2 47. Be4 Bg6 48. Rxf8 Bxe4 49. Rh8 h1=Q 50. Rxh1 Bxh1 51. a7 1-0


[Site "https://www.chess.com"]

[Event "Titled Tuesday Blitz April 11 Early 2023"]
[White "Gholami Orimi, Mahdi"]
[Black "Francisco Guecamburu, Candela Be"]
[WhiteFideId "12558486"]
[BlackFideId "160911"]
[WhiteElo "2363"]
[BlackElo "2326"]
[Result "1-0"]
[Round "03"]
[TimeControl "180+2"]
[Date "2023.04.11"]
[WhiteClock "0:00:43"]
[BlackClock "0:00:02"]

1. e4 c5 2. Nf3 g6 3. d4 cxd4 4. Nxd4 Bg7 5. c4 Nc6 6. Be3 Nf6 7. f3 d6 8. Nc3 O-O 9. Be2 Nxd4 10. Bxd4 Bd7 11. Qd2 a5 12. h4 a4 13. O-O-O Qa5 14. h5 Rac8 15. Kb1 e5 16. Be3 Be6 17. Bh6 Bxc4 18. Bxg7 Kxg7 19. hxg6 fxg6 20. Qh6+ Kg8 21. Rxd6 Qc7 22. Bxc4+ Qxc4 23. Rxf6 Rxf6 24. Qxh7+ Kf8 25. Qh8+ Kf7 26. Qh7+ Kf8 27. Qd7 Kg8 28. a3 Rf7 29. Qh3 Rg7 30. Nd5 Qc6 31. Qh4 Kf7 32. Qe7+ Kg8 33. Qxe5 Qc2+ 34. Ka1 Qc5 35. Qe6+ Rf7 36. Nf6+ Kf8 37. Rh8+ Kg7 38. Rh7+ 1-0


[Site "https://www.chess.com"]

[Event "Titled Tuesday Blitz April 11 Early 2023"]
[White "Zakhartsov, Vladimir"]
[Black "Dobre, Claudiu-Cristian"]
[WhiteFideId "4145097"]
[BlackFideId "1211854"]
[WhiteElo "2497"]
[BlackElo "2207"]
[Result "1-0"]
[Round "03"]
[TimeControl "180+2"]
[Date "2023.04.11"]
[WhiteClock "0:00:13"]
[BlackClock "0:00:03"]

1. e4 Nc6 2. Nf3 d6 3. d4 Nf6 4. Nc3 e5 5. d5 Ne7 6. h3 Ng6 7. Be3 Be7 8. Qd2 O-O 9. g4 c6 10. g5 Nh5 11. O-O-O Ngf4 12. Kb1 c5 13. Ne2 Bxg5 14. Rg1 Bh6 15. Ng3 Nf6 16. h4 Kh8 17. Ng5 N4h5 18. Be2 Nxg3 19. fxg3 Bxg5 20. hxg5 Nxe4 21. Qc1 Bf5 22. Bd3 Bg6 23. Rg2 f5 24. gxf6 Qxf6 25. Rh1 Kg8 26. a3 Rac8 27. Be2 c4 28. Ka2 c3 29. b3 a6 30. Rf1 Qe7 31. Rh1 Rf6 32. Bg4 Rcf8 33. Be6+ Bf7 34. Rh4 Nc5 35. Bg5 Nxe6 36. dxe6 Qxe6 37. Bxf6 Qxf6 38. Qe3 Bg6 39. Qxc3 Qf3 40. Qd2 d5 41. Rhh2 Rc8 42. Rf2 Qe4 43. Qd1 d4 44. Re2 Qd5 45. Rd2 a5 46. a4 Qc5 47. Qg4 Rd8 48. Rhe2 e4 49. Qe6+ Kh8 50. Rh2 Qc6 51. Qe5 d3 52. cxd3 exd3 53. Qxa5 Rc8 54. Rhf2 Qc2+ 55. Rxc2 dxc2 56. Rf1 h6 57. Rc1 1-0


[Site "https://www.chess.com"]

[Event "Titled Tuesday Blitz April 11 Early 2023"]
[White "Costachi, Mihnea"]
[Black "Karamsetty, Jeevan"]
[WhiteFideId "1217518"]
[BlackFideId "2025337"]
[WhiteElo "2456"]
[BlackElo "2111"]
[Result "1-0"]
[Round "03"]
[TimeControl "180+2"]
[Date "2023.04.11"]
[WhiteClock "0:00:50"]
[BlackClock "0:00:07"]

1. e4 g6 2. h4 Bg7 3. h5 d5 4. hxg6 hxg6 5. Rxh8 Bxh8 6. exd5 Qxd5 7. Nc3 Bxc3 8. bxc3 Nc6 9. d4 Bf5 10. Nf3 Qe4+ 11. Be3 Qxc2 12. Qxc2 Bxc2 13. Bb5 f6 14. d5 a6 15. dxc6 axb5 16. Nd4 Be4 17. Nxb5 Rc8 18. cxb7 Bxb7 19. f3 e5 20. a4 Ne7 21. c4 Ba6 22. Kd2 Nf5 23. Bc5 c6 24. Na7 Rc7 25. Kc3 Nd6 26. Bxd6 Rxa7 27. Rh1 Bb7 28. Rh7 Kd8 29. Bc5 Rxa4 30. Rxb7 Ra2 31. g4 f5 32. g5 e4 33. fxe4 fxe4 34. Rg7 Rg2 35. Rxg6 Kd7 36. Be3 Rg4 37. Kd4 Kc7 38. c5 Kd7 39. Ke5 Rg3 40. Rg7+ Ke8 41. Kxe4 Rg4+ 42. Bf4 Kf8 43. Rc7 Rg2 44. Kf5 Re2 45. g6 Kg8 46. Rc8+ Kg7 47. Be5+ 1-0


[Site "https://www.chess.com"]

[Event "Titled Tuesday Blitz April 11 Early 2023"]
[White "Zemlyanskii, Ivan"]
[Black "Budrewicz, Krzysztof"]
[WhiteFideId "24249971"]
[BlackFideId "1127950"]
[WhiteElo "2419"]
[BlackElo "2230"]
[Result "0-1"]
[Round "03"]
[TimeControl "180+2"]
[Date "2023.04.11"]
[WhiteClock "0:00:05"]
[BlackClock "0:00:40"]

1. d4 Nf6 2. c4 g6 3. h4 Bg7 4. Nc3 d6 5. e4 O-O 6. Be2 c5 7. d5 e6 8. h5 exd5 9. exd5 Re8 10. h6 Bh8 11. Bg5 a6 12. Kf1 b5 13. cxb5 axb5 14. Bxb5 Ba6 15. Bxa6 Rxa6 16. Qf3 Nbd7 17. Nge2 Qb6 18. b3 Ne4 19. Nxe4 Bxa1 20. Rh4 f5 21. N4c3 Ne5 22. Qe3 Raa8 23. Qc1 Bxc3 24. Qxc3 Qa5 25. Qxa5 Rxa5 26. Nc3 Rb8 27. Bd2 Ra6 28. Ke2 Rb4 29. Rxb4 cxb4 30. Na4 Ra5 31. Bxb4 Rxd5 32. Nc3 Rd4 33. Ba3 Kf7 34. Nb5 Rd5 35. Nxd6+ Ke6 36. Nb7 Rb5 37. Nc5+ Kd5 38. Na4 Ra5 39. Bb2 Ng4 40. f3 Nxh6 41. Nc3+ Kc6 42. a4 Ra8 43. b4 Nf7 44. b5+ Kc5 45. Kd3 Nd8 46. Ba3+ Kb6 47. Nd5+ Kb7 48. Nc3 Ne6 49. Bb4 Nc7 50. a5 Rd8+ 51. Kc4 Rd2 52. Na4 Rc2+ 53. Kb3 Rxg2 54. Nc5+ Ka8 55. b6 Nd5 56. Kc4 Nxb4 57. Kxb4 Rb2+ 58. Kc4 h5 59. Kd5 h4 60. Kc6 h3 61. a6 h2 62. Ne6 Rc2+ 63. Kd7 h1=Q 64. Nc7+ Rxc7+ 65. bxc7 Qd1+ 66. Kc6 Qxf3+ 67. Kd7 Qd3+ 68. Ke7 Qe4+ 69. Kd7 Qd5+ 70. Ke7 Qc5+ 71. Kd7 Qxc7+ 72. Kxc7 f4 0-1


[Site "https://www.chess.com"]

[Event "Titled Tuesday Blitz April 11 Early 2023"]
[White "Yelisieiev, Yevhenii"]
[Black "Harsh Suresh"]
[WhiteFideId "14139642"]
[BlackFideId "45018464"]
[WhiteElo "2425"]
[BlackElo "2227"]
[Result "1-0"]
[Round "03"]
[TimeControl "180+2"]
[Date "2023.04.11"]
[WhiteClock "0:00:23"]
[BlackClock "0:00:08"]

1. Nf3 g6 2. d4 Bg7 3. g3 Nf6 4. Bg2 O-O 5. O-O d5 6. c3 Bg4 7. Ne5 Be6 8. Qb3 Qc8 9. a4 a5 10. c4 c6 11. c5 Nfd7 12. f4 f6 13. Nd3 Bg4 14. e4 e6 15. Re1 dxe4 16. Bxe4 f5 17. Qxe6+ Kh8 18. Bg2 Bxd4+ 19. Be3 Bg7 20. Bd2 Na6 21. Bc3 Nf6 22. Qc4 Nc7 23. Nd2 Ncd5 24. Nb3 Nxc3 25. Qxc3 Ne4 26. Qc4 Qc7 27. Nd4 Nd2 28. Ne6 Qd7 29. Qc2 Nf3+ 30. Bxf3 Bxf3 31. Nxg7 Qxg7 32. Qc3 Qxc3 33. bxc3 Be4 34. Ne5 Rad8 35. Red1 Kg7 36. Nc4 Kf6 37. Nxa5 Rxd1+ 38. Rxd1 Ra8 39. Nxb7 Rxa4 40. Nd6 Bd5 41. c4 Bf3 42. Rd3 Be4 43. Nxe4+ fxe4 44. Rd6+ Kf5 45. Kf2 Rxc4 46. Rxc6 Rc3 47. Rc8 Kg4 48. Rh8 h5 49. Rg8 Kh3 50. Rxg6 Rxc5 51. Rg5 Rc2+ 52. Ke3 Kxh2 53. Kxe4 Rc3 54. f5 Rxg3 55. Rxh5+ Kg2 56. f6 Ra3 57. f7 Ra8 58. Rg5+ Kh3 59. Rg8 Ra4+ 60. Kd5 Ra5+ 61. Kc4 Rf5 62. f8=Q Rxf8 63. Rxf8 Kg4 64. Kd4 Kg5 65. Ke4 Kg6 66. Ke5 Kg7 67. Rf2 Kh7 68. Rg2 Kh6 69. Kf5 Kh5 70. Rh2# 1-0


[Site "https://www.chess.com"]

[Event "Titled Tuesday Blitz April 11 Early 2023"]
[White "Mahdavi, Reza"]
[Black "Mortazavi, Ali"]
[WhiteFideId "12595926"]
[BlackFideId "401323"]
[WhiteElo "2357"]
[BlackElo "2339"]
[Result "1-0"]
[Round "03"]
[TimeControl "180+2"]
[Date "2023.04.11"]
[WhiteClock "0:00:30"]
[BlackClock "0:00:14"]

1. Nf3 Nf6 2. g3 g6 3. b3 Bg7 4. Bb2 O-O 5. Bg2 d6 6. d4 Nbd7 7. O-O a5 8. c4 a4 9. Nc3 a3 10. Bc1 c6 11. Qc2 Qa5 12. h3 e5 13. e3 Re8 14. Rb1 Nf8 15. dxe5 dxe5 16. b4 Qc7 17. Rd1 Bf5 18. e4 Be6 19. Bf1 h6 20. Be3 N6d7 21. c5 Nh7 22. Qc1 h5 23. Bh6 Bf6 24. Nd2 b5 25. cxb6 Nxb6 26. Be3 Bg5 27. Bxg5 Nxg5 28. h4 Nh7 29. Nf3 Bg4 30. Ng5 Bxd1 31. Nxh7 Kxh7 32. Qxd1 Rad8 33. Qb3 Rd4 34. Rc1 Qe7 35. b5 cxb5 36. Nxb5 Rxe4 37. Nd6 Qxd6 38. Qxf7+ Kh6 39. Qxe8 Nd7 40. Qh8# 1-0


[Site "https://www.chess.com"]

[Event "Titled Tuesday Blitz April 11 Early 2023"]
[White "Lukovic, Vladimir"]
[Black "Novikov, Evgenij"]
[WhiteFideId "942952"]
[BlackFideId "4125380"]
[WhiteElo "2391"]
[BlackElo "2242"]
[Result "1-0"]
[Round "03"]
[TimeControl "180+2"]
[Date "2023.04.11"]
[WhiteClock "0:00:03"]
[BlackClock "0:00:01"]

1. e4 d5 2. exd5 Qxd5 3. Nc3 Qd6 4. d4 Nf6 5. Nf3 c6 6. Ne5 Nbd7 7. Bf4 Nd5 8. Nxd5 Qxd5 9. Nf3 Nf6 10. c4 Qe4+ 11. Be3 Bg4 12. Be2 e6 13. Qb3 O-O-O 14. O-O Qf5 15. d5 Bxf3 16. Bxf3 exd5 17. cxd5 Nxd5 18. Bxa7 Bd6 19. Rac1 Nc7 20. Rc4 Qe5 21. g3 h5 22. Bd4 Qe7 23. Bb6 f5 24. Bxc7 Bxc7 25. Qa4 Rd6 26. Qa8+ Bb8 27. Rfc1 Rhd8 28. Kg2 g6 29. b4 Qe5 30. Bxc6 bxc6 31. Rxc6+ Kd7 32. Qb7+ Ke6 33. Rxd6+ Bxd6 34. Kf1 Rb8 35. Qc6 Rxb4 36. Re1 Re4 37. Qe8+ Kf6 38. Qh8+ Kg5 39. h4+ Kg4 40. Kg2 Re2 41. Qxe5 Rxf2+ 42. Kxf2 Bxe5 43. Rxe5 1-0


[Site "https://www.chess.com"]

[Event "Titled Tuesday Blitz April 11 Early 2023"]
[White "Garv Gaur"]
[Black "Mikhailovsky, Vladimir"]
[WhiteFideId "45030839"]
[BlackFideId "34105414"]
[WhiteElo "2068"]
[BlackElo "2275"]
[Result "1-0"]
[Round "03"]
[TimeControl "180+2"]
[Date "2023.04.11"]
[WhiteClock "0:00:06"]
[BlackClock "0:00:20"]

1. Nf3 d6 2. c4 e5 3. d3 f5 4. Nc3 Be7 5. g3 g5 6. Nd5 g4 7. Nxe7 Qxe7 8. Nd2 c5 9. Bg2 Nc6 10. Nb1 h6 11. Nc3 Nf6 12. Qb3 Be6 13. Be3 O-O-O 14. Qa4 Kb8 15. a3 Nd4 16. b4 Bd7 17. Qd1 Bc6 18. Bxc6 Nxc6 19. Rb1 cxb4 20. axb4 d5 21. b5 Nd4 22. Qa4 dxc4 23. dxc4 f4 24. gxf4 b6 25. O-O Nh5 26. fxe5 Qxe5 27. Ra1 Rh7 28. Nd5 Nxe2+ 29. Kh1 Qe4+ 30. f3 gxf3 31. Bf2 Rg7 32. Nxb6 Rd2 33. Nd5 Neg3+ 34. hxg3 Nxg3+ 35. Bxg3+ Kc8 36. Qa6+ Kd8 37. Qd6+ Ke8 38. Qb8+ Kf7 39. Qf4+ Qxf4 40. Bxf4 Rg4 41. Rxf3 Rh4+ 42. Kg1 Kg6 43. Bxd2 Rg4+ 44. Kf1 Rh4 45. Rf2 Rh1+ 46. Ke2 Rxa1 47. Rg2+ Kh5 48. Kd3 Ra2 49. Kd4 a6 50. c5 axb5 51. c6 Rc2 52. c7 Rc4+ 53. Ke5 b4 54. Rh2+ Kg4 55. Rg2+ Kf3 56. Rh2 b3 57. Rh3+ Ke2 58. Rxb3 Kxd2 59. Rb8 Kd3 60. c8=Q Re4+ 61. Kd6 Rd4 62. Qc3+ Ke4 63. Qxd4+ Kxd4 64. Rh8 Ke4 65. Rxh6 Kf5 1-0


[Site "https://www.chess.com"]

[Event "Titled Tuesday Blitz April 11 Early 2023"]
[White "Samunenkov, Ihor"]
[Black "Sai Han Thiha"]
[WhiteFideId "14187086"]
[BlackFideId "13012290"]
[WhiteElo "2457"]
[BlackElo "1954"]
[Result "0-1"]
[Round "03"]
[TimeControl "180+2"]
[Date "2023.04.11"]
[WhiteClock "0:00:12"]
[BlackClock "0:00:11"]

1. e4 c6 2. d4 d5 3. e5 c5 4. dxc5 e6 5. Nf3 Bxc5 6. a3 Nd7 7. b4 Be7 8. Bb2 a5 9. b5 Nh6 10. Be2 Nf5 11. O-O a4 12. c4 Nb6 13. Nbd2 O-O 14. Rc1 dxc4 15. Nxc4 Nd5 16. g3 Bd7 17. Ncd2 Qa5 18. Nc4 Qxb5 19. Ba1 Qb3 20. Qd2 b5 21. Rb1 bxc4 22. Rxb3 cxb3 23. Bb2 Rfc8 24. Rc1 Rxc1+ 25. Qxc1 Rc8 26. Qb1 Nc3 27. Qe1 Nxe2+ 28. Qxe2 Rc2 29. Qd3 Bc6 30. Nd4 Nxd4 31. Qxd4 h5 32. h4 Bc5 33. Qd8+ Kh7 34. Bd4 Bxd4 35. Qxd4 Rc1+ 0-1


[Site "https://www.chess.com"]

[Event "Titled Tuesday Blitz April 11 Early 2023"]
[White "Turzo, Attila"]
[Black "Hambleton, Aman"]
[WhiteFideId "704954"]
[BlackFideId "2606577"]
[WhiteElo "2505"]
[BlackElo "2511"]
[Result "0-1"]
[Round "03"]
[TimeControl "180+2"]
[Date "2023.04.11"]
[WhiteClock "0:00:08"]
[BlackClock "0:00:02"]

1. e4 b6 2. d4 Bb7 3. Bd3 e6 4. Nf3 d5 5. e5 Ba6 6. Bxa6 Nxa6 7. O-O Qd7 8. Qe2 Nb8 9. a4 Nc6 10. c3 Na5 11. Nbd2 c5 12. b3 Nh6 13. Bb2 Be7 14. c4 dxc4 15. dxc5 cxb3 16. cxb6 axb6 17. Ne4 O-O 18. Nf6+ Bxf6 19. exf6 g6 20. Bc1 Nf5 21. g4 Nd4 22. Nxd4 Qxd4 23. Bb2 Qf4 24. Be5 Qg5 25. f4 Qh4 26. Rad1 Nc6 27. Rd3 Nxe5 28. fxe5 Rxa4 29. Rg3 Ra2 0-1


[Site "https://www.chess.com"]

[Event "Titled Tuesday Blitz April 11 Early 2023"]
[White "Csonka, Balazs"]
[Black "Mammadzada, Gunay"]
[WhiteFideId "742910"]
[BlackFideId "13403729"]
[WhiteElo "2404"]
[BlackElo "2396"]
[Result "1-0"]
[Round "03"]
[TimeControl "180+2"]
[Date "2023.04.11"]
[WhiteClock "0:00:05"]
[BlackClock "0:00:01"]

1. e4 c5 2. Nf3 d6 3. d4 cxd4 4. Nxd4 Nf6 5. Nc3 a6 6. Bg5 Nbd7 7. f4 Qc7 8. Qf3 b5 9. O-O-O Bb7 10. Nd5 Nxd5 11. exd5 g6 12. Nc6 Rc8 13. Bd3 Bxc6 14. dxc6 Nc5 15. Rhe1 Qxc6 16. Qe2 e6 17. Bf6 Rg8 18. f5 gxf5 19. Bxf5 Rxg2 20. Qh5 Be7 21. Bxe7 exf5 22. Qxf5 Rxc2+ 23. Kb1 Rxb2+ 24. Ka1 Ne6 25. Bxd6 Qc3 26. Rxe6+ 1-0


[Site "https://www.chess.com"]

[Event "Titled Tuesday Blitz April 11 Early 2023"]
[White "Jaracz, Pawel"]
[Black "Namitbir Singh Walia"]
[WhiteFideId "1102222"]
[BlackFideId "35071068"]
[WhiteElo "2438"]
[BlackElo "2239"]
[Result "1-0"]
[Round "03"]
[TimeControl "180+2"]
[Date "2023.04.11"]
[WhiteClock "0:01:39"]
[BlackClock "0:00:01"]

1. Nf3 Nf6 2. d4 g6 3. c4 c5 4. d5 d6 5. Nc3 Bg7 6. h3 O-O 7. e4 e6 8. Be2 Na6 9. O-O e5 10. a3 h6 11. Be3 Nh5 12. Qd2 Kh7 13. Ne1 Nf4 14. Bxf4 exf4 15. Qxf4 f5 16. Bd3 Be5 17. Qd2 Qh4 18. Nf3 Qf6 19. exf5 Bxc3 20. bxc3 Bxf5 21. Bxf5 Qxf5 22. Rae1 Rae8 23. Re3 Rxe3 24. Qxe3 Nc7 25. Qe7+ Rf7 26. Qxd6 Qe4 27. Re1 Qxc4 28. Re7 Qxd5 29. Qxd5 1-0


[Site "https://www.chess.com"]

[Event "Titled Tuesday Blitz April 11 Early 2023"]
[White "Leenhouts, Koen"]
[Black "Khoroshev, Nikita"]
[WhiteFideId "1008439"]
[BlackFideId "14200287"]
[WhiteElo "2409"]
[BlackElo "2354"]
[Result "1/2-1/2"]
[Round "03"]
[TimeControl "180+2"]
[Date "2023.04.11"]
[WhiteClock "0:00:28"]
[BlackClock "0:00:55"]

1. c4 Nf6 2. Nc3 g6 3. e4 d6 4. d4 Bg7 5. Nf3 O-O 6. Be2 Na6 7. O-O e5 8. Be3 Ng4 9. Bg5 Qe8 10. Nd5 c6 11. Ne7+ Kh8 12. Nxc8 Rxc8 13. h3 Nf6 14. dxe5 dxe5 15. Qc2 Nc5 16. Bxf6 Bxf6 17. b4 Ne6 18. c5 Rd8 19. Bc4 Nd4 20. Nxd4 Rxd4 21. Rad1 Qe7 22. Rxd4 exd4 23. f4 a5 24. e5 Bh4 25. a3 axb4 26. axb4 f6 27. Qe4 fxe5 28. fxe5 Rxf1+ 29. Bxf1 Bf6 30. e6 Kg7 31. Bc4 Qc7 32. Kf2 Kf8 33. Kf3 Ke7 34. Qf4 Qxf4+ 35. Kxf4 d3 36. Bxd3 Bc3 37. b5 cxb5 38. Bxb5 Kxe6 39. c6 bxc6 40. Bxc6 Bd2+ 41. Kf3 1/2-1/2


[Site "https://www.chess.com"]

[Event "Titled Tuesday Blitz April 11 Early 2023"]
[White "Korchmar, Vasiliy"]
[Black "Nguyen, Hong Anh"]
[WhiteFideId "24131750"]
[BlackFideId "12406732"]
[WhiteElo "2370"]
[BlackElo "2054"]
[Result "1-0"]
[Round "03"]
[TimeControl "180+2"]
[Date "2023.04.11"]
[WhiteClock "0:01:22"]
[BlackClock "0:00:09"]

1. e4 c5 2. Nf3 Nc6 3. d4 cxd4 4. Nxd4 g6 5. c4 Nf6 6. Nc3 d6 7. f3 Nxd4 8. Qxd4 Bg7 9. Be3 O-O 10. Qd2 Be6 11. Rc1 Qa5 12. Nd5 Qxa2 13. Nxe7+ Kh8 14. Be2 Rfe8 15. Nd5 Bxd5 16. cxd5 Nd7 17. O-O Rac8 18. Bb5 Rcd8 19. Rc7 Re7 20. Rxb7 Bf6 21. Rxa7 Qb3 22. Bc6 Ne5 23. Rxe7 Nc4 24. Rb7 Qa2 25. Qe2 Nxe3 26. Qxe3 Qc4 27. Rd1 Qc2 28. Qd3 Qc5+ 29. Kh1 1-0


[Site "https://www.chess.com"]

[Event "Titled Tuesday Blitz April 11 Early 2023"]
[White "Gogolev, Artem"]
[Black "Manukyan, Sargis A."]
[WhiteFideId "4116615"]
[BlackFideId "13303970"]
[WhiteElo "2182"]
[BlackElo "2187"]
[Result "1-0"]
[Round "03"]
[TimeControl "180+2"]
[Date "2023.04.11"]
[WhiteClock "0:00:48"]
[BlackClock "0:00:13"]

1. d4 d5 2. c4 e6 3. g3 Nf6 4. Bg2 Be7 5. Nf3 O-O 6. O-O dxc4 7. Qc2 a6 8. a4 c5 9. dxc5 Bxc5 10. Qxc4 Nbd7 11. Bg5 b5 12. Qc2 Be7 13. Nd4 Ne5 14. Bxa8 Qxd4 15. axb5 axb5 16. Rd1 Qb6 17. Be3 Qb8 18. Bf4 Nfd7 19. Nc3 g5 20. Bxe5 Nxe5 21. Bg2 Qb6 22. Ne4 f5 23. Qc3 Ng4 24. Qf3 Bb7 25. Nf6+ Bxf6 26. Qxb7 Qxf2+ 27. Kh1 Be5 28. Ra7 Qxa7 29. Qxa7 f4 30. Qe7 Nf2+ 31. Kg1 Nxd1 32. Qxe6+ Rf7 33. Qxe5 Ne3 34. Qxg5+ Kf8 35. Qc5+ Kg7 36. Qd4+ Rf6 37. gxf4 Nf5 38. Qd7+ Rf7 39. Qd5 Ne7 40. Qd4+ Kf8 41. Bf3 Rg7+ 42. Kf2 h6 43. Qf6+ Rf7 44. Qxh6+ Kg8 45. e3 b4 46. Qh5 b3 47. Bd5 Nxd5 48. Qxd5 Kh8 49. Qxb3 Rg7 50. Qe6 Rh7 51. Qe5+ Rg7 52. Qxg7+ Kxg7 53. b4 Kf6 54. b5 Ke6 55. h4 Kd6 56. h5 Kc7 57. h6 Kb6 58. h7 Kc5 59. h8=Q Kb4 60. Qd4+ Ka5 61. b6 Ka6 62. b7 Ka5 63. b8=Q Ka6 64. Qbb6# 1-0


[Site "https://www.chess.com"]

[Event "Titled Tuesday Blitz April 11 Early 2023"]
[White "Rom, Jasper"]
[Black "Kosteniuk, Alexandra"]
[WhiteFideId "2023733"]
[BlackFideId "4128125"]
[WhiteElo "2233"]
[BlackElo "2453"]
[Result "0-1"]
[Round "03"]
[TimeControl "180+2"]
[Date "2023.04.11"]
[WhiteClock "0:00:01"]
[BlackClock "0:01:06"]

1. e4 c5 2. Nc3 Nc6 3. f4 e6 4. Nf3 d5 5. Bb5 Ne7 6. exd5 exd5 7. Qe2 Be6 8. Bxc6+ bxc6 9. b3 Nf5 10. Ba3 Be7 11. Na4 Nd4 12. Nxd4 cxd4 13. Bc5 Bxc5 14. Nxc5 Qd6 15. b4 O-O 16. O-O Bf5 17. c3 dxc3 18. dxc3 Qf6 19. Qe5 Qg6 20. Rae1 a5 21. Re3 axb4 22. Rg3 f6 23. Qc7 Qf7 24. Qxc6 bxc3 25. Rxc3 d4 26. Rg3 Rxa2 27. Re1 Rc2 0-1


[Site "https://www.chess.com"]